Map: Thunderbird LE

Players

NoobMaster

  • Race: Terran Terran
  • League: Platinum
  • Spawn Location: 11:00

Smeeeger - Winner!

  • Race: Zerg Zerg
  • League: Platinum
  • Spawn Location: 5:00

VOD

Have the link to the VOD?

Description

Time

  • Played on: Aug. 2, 2019, 3:03 p.m.
  • Length: 17:40
Show
View Real Time Build Order
Export as new Build Order

NoobMaster Terran 

Build Orders:  

Get SALT Encoding   

  12  0:03  SCV  
  13  0:20  SCV  
  14  0:21  Supply Depot  
  14  0:25  Refinery  
  14  0:34  SCV  
  15  0:46  SCV  
  15  0:49  Barracks  
  16  0:58  SCV  
  17  1:10  SCV  
  18  1:23  SCV  
  19  1:38  Supply Depot  
  19  1:39  Reaper  
  21  1:43  Command Center  
  20  1:49  Orbital Command  
  20  1:56  Supply Depot  
  20  2:24  Factory, SCV  
  20  2:25  Barracks Reactor  
  20  2:26  Refinery  
  21  2:36  SCV  
  22  2:57  SCV  
  23  3:09  Starport  
  23  3:13  Barracks Tech Lab  
  23  3:23  SCV  
  23  3:25  Orbital Command  
  26  3:27  Hellion x2  
  28  3:37  SCV  
  29  3:41  Supply Depot  
  29  3:52  Factory  
  29  3:53  Hellion x2  
  32  4:00  SCV  
  33  4:03  SCV  
  34  4:12  SCV  
  34  4:13  Raven  
  34  4:15  Hellion x2, SCV  
  34  4:16  Supply Depot  
  42  4:36  SCV x2  
  44  4:45  Hellion x2  
  48  4:48  Factory Tech Lab, SCV  
  48  4:49  Fusion Core  
  49  4:55  SCV  
  50  5:00  SCV  
  50  5:01  Supply Depot  
  51  5:08  SCV  
  51  5:09  Hellion x2, Siege Tank  
  51  5:10  Liberator  
  51  5:12  SCV  
  58  5:20  SCV  
  59  5:24  Supply Depot, SCV  
  63  5:30  Refinery  
  63  5:32  Refinery, SCV  
  64  5:36  SCV  
  65  5:44  Armory, SCV  
  65  5:48  SCV  
  67  5:56  Supply Depot, SCV  
  68  6:00  SCV  
  68  6:01  Hellion x2, Siege Tank  
  76  6:08  SCV  
  77  6:13  SCV  
  78  6:20  SCV  
  78  6:23  Supply Depot  
  78  6:25  SCV  
  80  6:27  Battlecruiser  
  86  6:36  Supply Depot  
  86  6:42  Infernal Pre-Igniter  
  86  6:45  Hellion, SCV x2  
  87  6:57  SCV x2  
  89  7:07  Terran Vehicle Weapons Level 1, Armory, Hellion  
  91  7:09  SCV  
  91  7:12  Command Center  
  48  7:36  SCV x2  
  36  7:40  Hellion x3  
  42  7:48  SCV x2  
  41  8:00  SCV x2  
  41  8:04  Hellion x2, Siege Tank  
  50  8:12  SCV x2  
  52  8:20  Supply Depot  
  52  8:24  SCV x2  
  54  8:32  SCV  
  55  8:36  SCV x2  
  57  8:43  Supply Depot, Hellion, Siege Tank  
  57  8:44  Hellion, SCV  
  57  8:47  Terran Vehicle And Ship Armor Level 1  
  65  8:48  SCV  
  65  8:49  SCV  
  67  9:00  SCV x2  
  69  9:06  Supply Depot, Battlecruiser  
  75  9:28  Hellion x2, Siege Tank  
  75  9:29  SCV x2  
  85  9:39  Supply Depot  
  85  9:41  SCV  
  86  9:47  Factory  
  86  9:48  Orbital Command  
  86  9:51  SCV  
  84  9:53  SCV  
  70  10:10  Battlecruiser  
  70  10:12  SCV x2  
  78  10:19  SCV  
  79  10:24  SCV x2  
  79  10:27  Supply Depot, Hellion  
  83  10:30  Factory Tech Lab  
  74  10:53  Hellion x3  
  80  11:01  Siege Tank  
  83  11:08  Orbital Command  
  83  11:15  Hellion x3  
  89  11:23  Battlecruiser  
  89  11:24  SCV  
  96  11:31  Supply Depot  
  96  11:33  Hellion  
  96  11:36  Hellion x3  
  96  11:38  SCV x3  
  107  11:49  Supply Depot  
  107  11:50  SCV x2  
  107  11:53  Refinery, SCV  
  110  11:55  Siege Tank  
  110  12:00  Terran Ship Weapons Level 1  
  113  12:02  SCV  
  113  12:03  Terran Vehicle And Ship Armor Level 2  
  113  12:06  SCV  
  113  12:20  Supply Depot  
  113  12:21  Supply Depot  
  113  12:27  Hellion x2, Siege Tank  
  120  12:30  SCV x3  
  123  12:42  SCV  
  112  12:56  Hellion x3  
  101  13:00  Hellion  
  101  13:12  SCV x3  
  103  13:17  Hellion x3  
  109  13:21  Hellion  
  109  13:24  Battlecruiser, SCV x2  
  109  13:25  SCV  
  120  13:31  Starport  
  120  13:32  Refinery  
  120  13:36  SCV x2  
  120  13:37  SCV  
  120  13:38  Hellion  
  120  13:39  Hellion x2  
  129  13:42  Hellion  
  129  13:44  Supply Depot  
  129  13:47  Supply Depot  
  131  14:00  Hellion x2  
  135  14:12  SCV x2  
  135  14:13  SCV  
  138  14:22  Starport Tech Lab  
  138  14:26  SCV  
  138  14:27  SCV x2  
  138  14:28  Battlecruiser  
  147  14:39  SCV x2  
  149  14:46  Command Center  
  149  14:55  Hellion x2, Siege Tank  
  149  14:58  Terran Ship Weapons Level 2  
  149  14:59  Terran Vehicle And Ship Armor Level 3  
  156  15:05  SCV  
  157  15:09  Command Center  
  157  15:10  SCV x2  
  157  15:18  Supply Depot  
  152  15:21  Battlecruiser  
  142  15:33  Hellion x4  
  137  15:48  SCV x2  
  139  15:54  Hellion x2  
  139  15:55  Hellion x2  
  147  16:16  Hellion x4  
  155  16:21  Engineering Bay  
  155  16:27  Supply Depot  
  147  16:37  Cyclone, Hellion  
  147  16:43  Thor  
  147  16:45  Widow Mine  
  155  16:52  Planetary Fortress  
  155  16:58  Widow Mine  
Show
View Real Time Build Order
Export as new Build Order

Smeeeger Zerg - Winner!

Build Orders: Hatch First, Roach Hydra 

Get SALT Encoding   

  12  0:01  Drone  
  13  0:13  Overlord  
  13  0:17  Drone  
  14  0:31  Drone x2  
  16  0:36  Drone  
  17  0:46  Drone  
  18  0:57  Hatchery, Drone  
  18  1:00  Extractor  
  17  1:13  Spawning Pool  
  17  1:16  Drone  
  17  1:25  Drone  
  18  1:29  Drone  
  19  1:41  Overlord  
  19  2:00  Queen  
  22  2:01  Zergling x4  
  23  2:09  Queen  
  23  2:10  Zergling x2  
  23  2:11  Drone  
  23  2:15  Metabolic Boost  
  27  2:23  Drone  
  27  2:24  Drone  
  29  2:32  Drone  
  29  2:35  Queen  
  29  2:36  Overlord  
  32  2:54  Drone x3  
  35  3:03  Drone x2  
  35  3:05  Queen  
  39  3:26  Hatchery  
  38  3:27  Drone x2  
  38  3:28  Drone  
  38  3:29  Drone x2, Overlord  
  43  3:39  Drone  
  44  3:48  Drone x3  
  47  3:59  Queen  
  47  4:00  Lair  
  49  4:05  Drone x2  
  49  4:07  Roach Warren, Evolution Chamber  
  49  4:08  Drone x2, Extractor x2  
  49  4:09  Drone x3  
  51  4:30  Drone x2  
  51  4:40  Queen  
  51  4:41  Drone  
  51  4:42  Overlord x3  
  54  4:52  Drone  
  55  4:59  Roach  
  57  5:04  Glial Reconstitution, Roach x2  
  57  5:06  Zergling x2  
  57  5:07  Zergling x10  
  63  5:08  Zergling x2  
  63  5:09  Drone  
  63  5:10  Drone x3, Queen  
  74  5:24  Drone x3  
  74  5:28  Spore Crawler  
  76  5:29  Spore Crawler  
  76  5:31  Drone x2  
  76  5:34  Drone x3  
  80  5:37  Overlord x2  
  80  5:40  Zerg Missile Weapons Level 1  
  80  5:44  Roach  
  80  5:47  Overlord  
  80  5:48  Overlord  
  82  6:05  Roach  
  82  6:06  Roach x10  
  104  6:23  Spore Crawler  
  105  6:25  Roach  
  105  6:26  Roach x4  
  113  6:33  Overlord x4  
  113  6:40  Extractor  
  112  6:50  Ravager  
  112  6:51  Ravager x2  
  112  6:52  Ravager  
  116  6:59  Drone x2  
  116  7:00  Drone x2  
  120  7:07  Hydralisk Den  
  117  7:12  Hatchery  
  94  7:35  Roach x10  
  104  7:45  Extractor  
  104  7:47  Hydralisk x2  
  104  7:48  Extractor  
  94  8:02  Drone x3  
  94  8:03  Drone x3  
  94  8:04  Overlord x3  
  95  8:06  Muscular Augments  
  95  8:18  Drone x3  
  95  8:19  Hydralisk x3  
  104  8:30  Nydus Network  
  103  8:42  Spore Crawler, Drone, Evolution Chamber  
  103  8:43  Drone x3  
  103  8:45  Hydralisk x5  
  115  8:53  Drone  
  115  8:54  Drone x2  
  115  8:55  Drone x3  
  120  8:56  Drone x2  
  120  8:58  Zergling x8  
  120  8:59  Zergling x2  
  128  9:03  Zerg Missile Weapons Level 2  
  128  9:08  Queen  
  130  9:10  Roach  
  132  9:17  Grooved Spines  
  128  9:26  Hydralisk x10  
  148  9:36  Zerg Ground Armor Level 1  
  148  9:39  Drone x3, Extractor  
  148  9:40  Extractor  
  149  9:46  Zergling x28  
  138  10:08  Nydus Canal  
  138  10:10  Hydralisk x4, Roach x4  
  138  10:11  Hydralisk x4  
  162  10:21  Drone x3, Baneling Nest  
  162  10:22  Drone x3  
  162  10:23  Overlord x2  
  162  10:24  Overlord  
  152  10:47  Hydralisk x6  
  152  10:48  Hydralisk x5  
  166  10:54  Infestation Pit  
  154  11:13  Roach x12  
  154  11:14  Hatchery  
  175  11:22  Zergling x2  
  175  11:23  Zergling x4  
  178  11:26  Zerg Melee Weapons Level 1  
  178  11:30  Drone x2  
  180  11:41  Roach x2  
  180  11:42  Roach x4  
  192  11:48  Overseer x2  
  192  11:49  Overseer, Pneumatized Carapace  
  192  11:51  Burrow  
  192  11:53  Pathogen Glands  
  192  11:54  Hive  
  192  11:57  Spire  
  192  12:01  Ravager  
  192  12:03  Overlord x3  
  168  12:33  Zergling x42  
  189  12:37  Zerg Ground Armor Level 2  
  189  12:43  Zergling x2  
  154  12:54  Hydralisk x2  
  154  12:55  Hydralisk x6  
  126  13:10  Hydralisk x12  
  144  13:19  Hydralisk  
  146  13:22  Hydralisk x4  
  154  13:28  Queen  
  154  13:32  Centrifical Hooks  
  156  13:39  Hydralisk  
  156  13:41  Hydralisk x10  
  169  13:55  Hydralisk x7  
  167  13:58  Hydralisk  
  181  14:14  Adrenal Glands  
  181  14:15  Greater Spire  
  181  14:30  Zergling x34  
  198  14:32  Baneling  
  198  14:33  Baneling x13  
  198  14:50  Overlord x2  
  198  14:51  Overlord  
  138  15:35  Hydralisk x15  
  106  15:36  Hydralisk x10  
  144  15:46  Drone x2  
  146  15:52  Corruptor x3  
  146  15:54  Corruptor  
  154  15:59  Corruptor  
  156  16:10  Corruptor x2  
  160  16:12  Zergling x20  
  170  16:22  Corruptor  
  172  16:26  Zergling x26  
  178  16:40  Corruptor x4  
  186  16:50  Corruptor x2  
Tags
 
Add a new tag
Caveats
  • Supply blocks, unpowered buildings, or Contaminate may cause inaccurate times.
  • Supply counts are checked every 10 seconds.